 Dungeon Crawl Stone Soup version 0.31-a0-339-gda1cbd555d (webtiles) character file.

Game seed: 12096805643494796516

24462 LeprechaunX the Grappler (level 13, 0/106 HPs)
             Began as an Octopode Shapeshifter on July 20, 2023.
             Was an Elder of Cheibriados.
             Slain by a death yak (24 damage)
             ... on level 4 of the Lair of Beasts.
             The game lasted 00:29:00 (15001 turns).

LeprechaunX the Grappler (Octopode Shapeshifter)   Turns: 15001, Time: 00:29:01

Health: 0/106      AC:  9    Str: 33    XL:     13   Next: 13%
Magic:  17/17      EV: 23    Int: 29    God:    Cheibriados [****..]
Gold:   1578       SH:  0    Dex: 29    Spells: 12/12 levels left

rFire   . .          .
                       - Unarmed
rCold   . . .        (shield currently unavailable)
rNeg    . . .        (helmet currently unavailable)
rPois   +            (no amulet)
rElec   .            q - ring of flight
rCorr   .            u - +6 ring of dexterity
SInv    +            E - +5 ring of evasion
Will    .....        G - ring of poison resistance
Stlth   ++           H - +6 ring of intelligence
HPRegen 0.37/turn    Q - ring of poison resistance
MPRegen 0.15/turn    R - ring of Ebuirim {Int+2 SInv}
                     (no ring)

%: no passive effects
@: snake-form, flying, very slow
A: constrict, boosted hp, almost no armour, amphibious, 8 rings, large,
(camouflage 1), (gelatinous body 1), (nimble swimmer 1), (tentacles)
a: Begin Untransformation, Renounce Religion, Bend Time, Temporal Distortion,
Slouch


You were on level 4 of the Lair of Beasts.
You worshipped Cheibriados.
Cheibriados was greatly pleased with you.
You were an enormous anaconda.
You visited 2 branches of the dungeon, and saw 13 of its levels.
You also visited: Bailey.

You collected 1578 gold pieces.

Inventory:

Hand Weapons
 a - the +3 short sword of Circular Logic {holy, Fly}
   (You found it on level 4 of the Dungeon)

   Fly:       It grants you flight.
 J - a +0 orcbow
Missiles
 n - 2 boomerangs of dispersal
 p - 3 javelins (quivered)
 F - 12 boomerangs
 N - 10 poisoned darts
Armour
 j - a +0 kite shield
Jewellery
 q - a ring of flight (left tentacle)
 u - a +6 ring of dexterity (right tentacle)
 E - a +5 ring of evasion (on tentacle)
 G - a ring of poison resistance (on tentacle)
 H - a +6 ring of intelligence (on tentacle)
 M - a ring of ice
 Q - a ring of poison resistance (on tentacle)
 R - the ring of Ebuirim (on tentacle) {Int+2 SInv}
   (You found it on level 1 of the Lair of Beasts)

   [ring of see invisible]

   Int:       It affects your intelligence (+2).
   SInv:      It lets you see invisible.
Talismans
 b - a beast talisman
 O - a serpent talisman
Wands
 A - a wand of flame (14)
 P - a wand of roots (4)
 T - a wand of acid (4)
 U - a wand of paralysis (5)
Scrolls
 d - 2 scrolls of enchant weapon
 e - a scroll of teleportation {unknown}
 g - 6 scrolls of identify
 h - 4 scrolls of vulnerability
 i - 2 scrolls of fog {unknown}
 k - 2 scrolls of poison {unknown}
 l - 2 scrolls of immolation {unknown}
 m - a scroll of fear {unknown}
 s - 5 scrolls of revelation
 y - a scroll of acquirement {unknown}
 C - a scroll of brand weapon {unknown}
 D - a scroll of amnesia {unknown}
 I - a scroll of torment {unknown}
 K - a scroll of blinking {unknown}
 L - 3 scrolls of enchant armour {unknown}
 S - a scroll of summoning {unknown}
Potions
 c - 9 potions of curing
 f - a potion of magic
 o - 2 potions of ambrosia
 r - a potion of haste
 t - 2 potions of invisibility
 v - 3 potions of heal wounds
 w - a potion of berserk rage
 x - 2 potions of lignification
 z - 2 potions of might
 B - 3 potions of enlightenment
 V - 2 potions of mutation {unknown}


   Skills:
 + Level 8.4 Fighting
 + Level 5.3 Throwing
 + Level 8.5 Dodging
 * Level 12.1 Unarmed Combat
 + Level 5.4 Invocations
 + Level 3.6 Evocations
 * Level 10.5 Shapeshifting


You had 12 spell levels left.
You didn't know any spells.
Your spell library contained the following spells:

 Spells                   Type           Power      Damage    Failure   Level
 Apportation              Tloc           0%         N/A       11%         1
 Necrotise                Necr           0%         1d4       11%         1
 Shock                    Conj/Air       0%         1d3       11%         1
 Summon Small Mammal      Summ           0%         N/A       11%         1
 Poisonous Vapours        Pois/Air       0%         N/A       16%         2
 Mephitic Cloud           Conj/Pois/Air  0%         N/A       30%         3
 Swiftness                Air            0%         N/A       30%         3
 Airstrike                Air            0%         2d(0-16)  71%         4
 Anguish                  Hex/Necr       0%         N/A       71%         4
 Cause Fear               Hex            0%         N/A       71%         4
 Freezing Cloud           Conj/Ice/Air   0%         6-21      96%         5
 Enfeeble                 Hex            0%         N/A       100%        7


Dungeon Overview and Level Annotations

Branches:
Dungeon (9/15)             Temple (0/1) D:6            Lair (4/5) D:9
 Shoals (0/4) Lair:3        Snake (0/4) Lair:2       Bailey (visited)
  Slime: Lair:4-5       Orc: D:9-12

Altars:
Cheibriados
Kikubaaqudgha
Okawaru
Ru
Trog
Uskayaw
Zin

Annotations:
D:5 3 runed translucent doors, arthad's ghost, novice GnWn


Innate Abilities, Weirdness & Mutations

You are an enormous anaconda.
You have a powerful constriction melee attack.
Your maximum health is increased.
Your armour is entirely melded.
You are incapable of wielding weapons or throwing items.
You cannot wear most types of armour.
You are amphibious.
You can wear up to eight rings at the same time.
((Your skin changes colour to match your surroundings (Stealth+).))
((Your rubbery body absorbs attacks. (AC +1, EV +1)))
((You are camouflaged when in or above water. (Stealth+)))
((You have tentacles for arms and can constrict up to eight enemies at once.))


Message History

You hit the death yak but do no damage.
The death yak is moderately wounded.
You constrict the death yak. The death yak gores you.
You lash the death yak!
The death yak is heavily wounded.
You constrict the death yak. You crush the death yak!!!
You kill the death yak!
Cheibriados appreciates the change of pace.
You completely miss the death yak. Your grab misses the death yak.
The death yak barely misses you.
You lash the death yak! You grab the death yak.
The death yak is lightly wounded.
You constrict the death yak. The death yak closely misses you.
You hit the death yak but do no damage.
The death yak is lightly wounded.
You constrict the death yak. You hit the death yak.
The death yak is moderately wounded.
You constrict the death yak. The death yak misses you.
You body-slam the death yak!!
The death yak is severely wounded.
You constrict the death yak. The death yak misses you.
You body-slam the death yak!!
You kill the death yak!
Cheibriados appreciates the change of pace.
You completely miss the death yak. You grab the death yak.
You constrict the death yak, but do no damage.
The death yak gores you!
You lash the death yak!
The death yak is lightly wounded.
You constrict the death yak. You lash the death yak!
The death yak is moderately wounded.
You constrict the death yak. The death yak gores you!
* * * LOW HITPOINT WARNING * * *
You hit the death yak.
The death yak is heavily wounded.
You constrict the death yak. The death yak gores you!!
You die...

##### ###...# # #P#..## #
#.P.## ##..P# ##....# ###
###.....# ###.## ##.......#
#..#S# #...#....####..Y##
## ..P#.##P...##....# #.##
>.######.#......#######....
..## ####(#.......#......
.... .#.# #.#......Y....Y..
.Y. ..## #####.....P......
.. ...# ##....####... .
#..##### #...## .


You could see a death yak.

Vanquished Creatures
  2 hydras (Lair:4)
  A two-headed ogre (D:9)
  2 death yaks (Lair:4)
  An orc knight (Bailey)
  A wolf spider (Lair:3)
  7 cane toads
  9 rime drakes
  5 komodo dragons
  Grinder (D:4)
  3 hornets (D:9)
  3 blink frogs (Lair:3)
  10 wyverns
  30 yaks
  6 basilisks
  2 steam dragons
  Menkaure (D:7)
  A naga (Lair:2)
  An acid dragon (D:9)
  8 water moccasins
  9 orc warriors
  2 ice beasts (D:7)
  3 black bears
  2 ogres
  13 wolves
  4 centaurs
  4 phantoms
  Blork the orc (D:4)
  10 bullfrogs
  A scorpion (D:5)
  9 wights
  4 killer bees (D:9)
  2 vampire bats (D:3)
  An electric eel (Lair:4)
  2 howler monkeys
  A crimson imp (D:6)
  2 jellies (D:5)
  3 hounds
  Crazy Yiuf (D:4)
  5 iguanas
  7 orc wizards
  10 hell rats
  Natasha (twice) (D:3)
  8 gnolls
  8 adders
  A shadow imp (D:5)
  2 white imps (D:6)
  An ufetubus (D:5)
  2 worms
  A dart slug (D:5)
  17 orcs
  2 bat skeletons (D:3)
  4 bat zombies (D:3)
  6 endoplasms
  5 giant cockroaches
  9 goblins
  9 hobgoblins
  4 jackals (D:2)
  14 kobolds
  5 quokkas
  10 ball pythons
  6 bats
  A frilled lizard (D:2)
  6 rats
313 creatures vanquished.

Notes
Turn   | Place    | Note
-------+----------+-------------------------------------------
     0 | D:1      | LeprechaunX the Octopode Shapeshifter began the quest for
                  | the Orb.
     0 | D:1      | Reached XP level 1. HP: 13/13 MP: 1/1
   118 | D:1      | Reached XP level 2. HP: 17/18 MP: 2/2
   546 | D:2      | Found a faded altar of an unknown god.
   628 | D:2      | Reached XP level 3. HP: 23/23 MP: 3/3
  1511 | D:3      | Reached XP level 4. HP: 28/28 MP: 4/4
  1979 | D:3      | Noticed Natasha
  1983 | D:3      | Killed Natasha
  1984 | D:3      | Reached XP level 5. HP: 25/34 MP: 5/5
  2132 | D:3      | Reached skill level 4 in Unarmed Combat
  2173 | D:3      | Found a sacrificial altar of Ru.
  2361 | D:3      | Found a bloodstained altar of Trog.
  2439 | D:3      | Noticed Natasha
  2445 | D:3      | Killed Natasha
  2532 | D:3      | Found an ancient bone altar of Kikubaaqudgha.
  2545 | D:3      | Reached XP level 6. HP: 27/40 MP: 6/6
  2814 | D:4      | Identified the +3 short sword of Circular Logic {holy, Fly}
  2858 | D:4      | Noticed Grinder
  2864 | D:4      | Killed Grinder
  2865 | D:4      | Reached skill level 5 in Unarmed Combat
  2865 | D:4      | Reached XP level 7. HP: 45/45 MP: 7/7
  3386 | D:4      | Reached skill level 5 in Shapeshifting
  3444 | D:4      | Noticed Blork the orc
  3453 | D:4      | Killed Blork the orc
  3731 | D:4      | Found a runed translucent door.
  3732 | D:4      | Noticed Crazy Yiuf
  3741 | D:4      | Killed Crazy Yiuf
  3838 | D:5      | Entered Level 5 of the Dungeon
  4084 | D:5      | Reached XP level 8. HP: 49/52 MP: 8/8
  4178 | D:5      | Reached skill level 6 in Unarmed Combat
  4540 | D:5      | Noticed arthad's ghost (novice GnWn)
  4553 | D:5      | Found a runed translucent gate.
  4553 | D:5      | Found a runed translucent gate.
  4553 | D:5      | Found a runed translucent gate.
  4865 | D:5      | Found an iron altar of Okawaru.
  5455 | D:6      | Reached skill level 7 in Unarmed Combat
  5482 | D:6      | Found a staircase to the Ecumenical Temple.
  5599 | D:6      | Reached XP level 9. HP: 53/59 MP: 9/9
  5888 | D:6      | Reached skill level 5 in Dodging
  7143 | D:7      | Found a flagged portal.
  7152 | Bailey   | Entered a bailey
  7160 | Bailey   | Noticed an orc knight
  7311 | Bailey   | Reached skill level 5 in Fighting
  7311 | Bailey   | Reached skill level 8 in Unarmed Combat
  7358 | Bailey   | Identified the +0 gold dragon scales of Vlad {rPois rF+ rC+
                  | Int+5}
  7557 | Bailey   | Killed an orc knight
  7558 | Bailey   | Reached XP level 10. HP: 66/66 MP: 10/10
  7808 | D:7      | Noticed Menkaure
  7809 | D:7      | Killed Menkaure
  7890 | D:7      | Reached skill level 9 in Unarmed Combat
  8834 | D:9      | Noticed a two-headed ogre
  9077 | D:9      | Reached skill level 1 in Throwing
  9263 | D:9      | Found a large runed translucent door.
  9264 | D:9      | Found a large runed translucent door.
  9372 | D:9      | Found a snail-covered altar of Cheibriados.
  9375 | D:9      | Found a hide-covered altar of Uskayaw.
  9383 | D:9      | Became a worshipper of Cheibriados the Contemplative
  9587 | D:9      | Killed a two-headed ogre
  9588 | D:9      | Reached skill level 1 in Invocations
  9628 | D:9      | Reached skill level 10 in Unarmed Combat
  9628 | D:9      | Reached XP level 11. HP: 46/74 MP: 11/11
  9759 | D:9      | HP: 3/74 [acid dragon/splash of acid (23)]
  9826 | D:9      | Found a staircase to the Lair.
 10132 | Lair:1   | Entered Level 1 of the Lair of Beasts
 10264 | Lair:1   | Found a glowing silver altar of Zin.
 10336 | Lair:1   | Reached * piety under Cheibriados
 11140 | Lair:1   | Identified the ring of Ebuirim {Int+2 SInv}
 11762 | Lair:2   | Reached ** piety under Cheibriados
 11823 | Lair:2   | Reached skill level 11 in Unarmed Combat
 11857 | Lair:2   | Found a staircase to the Snake Pit.
 11878 | Lair:2   | Reached XP level 12. HP: 67/81 MP: 14/14
 13006 | Lair:3   | Found a staircase to the Shoals.
 13183 | Lair:3   | HP: 3/97 [wolf (6)]
 13184 | Lair:3   | Reached skill level 1 in Evocations
 13219 | Lair:3   | Reached *** piety under Cheibriados
 13874 | Lair:4   | Noticed an eight-headed hydra
 13885 | Lair:4   | Reached skill level 10 in Shapeshifting
 13901 | Lair:4   | Killed an eight-headed hydra
 13934 | Lair:4   | Reached **** piety under Cheibriados
 13946 | Lair:4   | Reached skill level 5 in Invocations
 14255 | Lair:4   | Reached skill level 5 in Throwing
 14729 | Lair:4   | Noticed a death yak
 14729 | Lair:4   | Noticed a death yak
 14729 | Lair:4   | Noticed a death yak
 14936 | Lair:4   | Noticed a five-headed hydra
 14944 | Lair:4   | Reached XP level 13. HP: 88/88 MP: 16/16
 14948 | Lair:4   | Reached skill level 12 in Unarmed Combat
 15001 | Lair:4   | Slain by a death yak

Illustrated notes

Levels and vault maps discovered:
D:1:      dpeg_arrival_more_subterranean_lakeside_camping, layout_basic
D:2:      layout_loops_ring, basic_ecumenical_altar, minivault_27,
          minmay_strange_pillars
D:3:      layout_loops_corners, nicolae_ru_the_path_less_chosen,
          mainiacjoe_overflow_alcove_4, kennysheep_vampire_church, minivault_5,
          patterned_corridor, uniq_natasha
D:4:      layout_loops_ring, serial_glass, glass_columns_b, glass_columns_a,
          minmay_strange_pillars, small_statue_intersection, dk_vineyard_2,
          chequers_serial_rivers_small_3, uniq_grinder, uniq_crazy_yiuf_cottage,
          uniq_blork_the_orc
D:5:      minmay_razor_zed, layout_loops_ring, okawaru_metal_pillars_1_2,
          gammafunk_ghost_nasty_kobolds
D:6:      layout_basic, minmay_temple_entry_hall, serial_aquarium,
          aquarium_bridge_long_joined [aquarium_subvault_wall,
          aquarium_subvault_bridge, aquarium_subvault_wall,
          aquarium_subvault_bridge, aquarium_subvault_bridge,
          aquarium_subvault_wall], aquarium_window_fake, aquarium_window_fake,
          aquarium_view_2b, minmay_fire_ice_demons
D:7:      layout_layer_cave, enter_bailey_6, grunt_tough_drop, uniq_menkaure
D:8:      layout_basic
D:9:      layout_roguey, jmf_multi_god_temple2, erik_lair_dragon
Lair:1:   layout_cave_pods, basic_altar, chequers_serial_rivers_room_b,
          grunt_megastairs_5, serial_bayou_shore_b
Lair:2:   layout_small_grid, guppyfry_snake_entry_garden
Lair:3:   layout_gridlike, elwin_shoals_entry_rocks,
          nicolae_lair_run_with_the_wolves
Lair:4:   layout_cave_pods, special_room [special_room_mythical_zoo],
          serial_bayou_shore_a

Skill      XL: |  1  2  3  4  5  6  7  8  9 10 11 12 13 |
---------------+----------------------------------------+-----
Fighting       | 2 3 4 5 6 7 8 |  8.4
Unarmed Combat | 4 5 7 8 10 11 12 | 12.1
Shapeshifting  | 4 5 6 7 8 9 10 | 10.5
Dodging        | 3 4 5 6 7 8 |  8.5
Throwing       | 1 3 5 |  5.3
Invocations    | 1 3 5 |  5.4
Evocations     | 3 |  3.6

Action                     |  1- 3 |  4- 6 |  7- 9 | 10-12 | 13-15 || total
---------------------------+-------+-------+-------+-------+-------++-------
  Melee: Unarmed           |    12 |       |    37 |   426 |    22 ||   497
         Constrict         |    14 |    12 |    41 |   113 |     4 ||   184
         Tentacles         |     9 |     7 |    49 |    31 |       ||    96
         Short sword       |    44 |    50 |   164 |       |       ||   258
         Punch             |     2 |     1 |    10 |     6 |       ||    19
  Throw: Boomerang         |       |       |   118 |    40 |       ||   158
         Javelin           |       |       |     3 |     4 |       ||     7
         Dart              |       |       |       |     3 |       ||     3
 Invoke: Bend Time         |       |       |       |     1 |       ||     1
    Use: Scroll            |       |       |       |    11 |       ||    11
         Potion            |       |       |       |     3 |       ||     3
   Stab: Sleeping          |     7 |     8 |    12 |     2 |       ||    29
         Distracted        |     1 |       |     1 |       |       ||     2
 Armour: Skin              |     6 |     7 |    12 |    58 |     3 ||    86
  Dodge: Dodged            |    31 |    33 |   147 |   388 |    21 ||   620
   Form: Anaconda          |       |       |       |     1 |       ||     1

Table legend: (Time is in decaauts)
 A = Elapsed time spent in this place.
 B = Non-inter-level travel time spent in this place.
 C = Inter-level travel time spent in this place.
 D = Time resting spent in this place.
 E = Time spent auto-exploring this place.
 F = Levels seen in this place.
 G = Mean time per level.
                   A        B        C        D        E       F      G
               +--------+--------+--------+--------+--------+-----+--------+
         Total |  16497 |  15734 |    763 |   2402 |  10217 |  14 | 1178.4 |
       Dungeon |   9716 |   9374 |    342 |   1063 |   6834 |   9 | 1079.6 |
          Lair |   6151 |   5730 |    421 |   1287 |   3321 |   4 | 1537.8 |
        Bailey |    629 |    629 |      0 |     52 |     62 |   1 |  629.0 |
               +--------+--------+--------+--------+--------+-----+--------+

Top non-repeatable levels by time:
  Lair:1: 1741 daAuts
  Lair:3: 1543 daAuts
     D:9: 1538 daAuts
  Lair:4: 1521 daAuts
     D:6: 1506 daAuts
     D:5: 1440 daAuts
     D:3: 1384 daAuts
  Lair:2: 1345 daAuts
     D:4: 1051 daAuts
     D:2: 927 daAuts
     D:7: 877 daAuts
  Bailey: 629 daAuts
     D:8: 519 daAuts
     D:1: 469 daAuts
